 Dungeon Crawl Stone Soup version 0.30-a0-462-gd5975efbca (webtiles) character file.

Game seed: 3851586190125752192

11 tilp the Shield-Bearer (level 2, 0/26 HPs)
             Began as a Meteoran Fighter on Dec 16, 2022.
             Killed from afar by Ijyb (16 damage)
             ... with a bolt of dispelling energy
             ... on level 4 of the Dungeon.
             The game lasted 00:02:27 (298 turns).

tilp the Shield-Bearer (Meteoran Fighter)            Turns: 298, Time: 00:02:27

Health: 0/26       AC:  7    Str: 17    XL:     2   Next: 58%
Magic:  3/3        EV:  9    Int:  9    God:
Gold:   50         SH:  5    Dex: 13    Spells: 1/1 levels left

rFire   . . .      SeeInvis .    a - +0 long sword
rCold   . . .      Faith    .    c - +0 buckler
rNeg    . . .      Spirit   .    b - +0 scale mail
rPois   .          Reflect  .    (no helmet)
rElec   .          Harm     .    (no cloak)
rCorr   .          Rampage  .    (no gloves)
Will    .....                    (no boots)
Stlth   ..........               (no amulet)
HPRegen 0.24/turn                (no ring)
MPRegen 0.08/turn                (no ring)

@: glowing
A: sense surroundings 1, otherworldly, glowing, explore regen
a: no special abilities


You were on level 4 of the Dungeon.
You visited 1 branch of the dungeon, and saw 4 of its levels.

You collected 50 gold pieces.

Inventory:

Hand Weapons
 a - a +0 long sword (weapon)
Armour
 b - a +0 scale mail (worn)
 c - a +0 buckler (worn)
Wands
 i - a wand of roots (10)
Potions
 f - 2 potions of curing


   Skills:
 + Level 3.3 Fighting
 + Level 2.6 Long Blades
 + Level 3.7 Armour
 * Level 1.0 Dodging
 + Level 0.3 Stealth
 + Level 3.8 Shields


You had one spell level left.
You didn't know any spells.
Your spell library was empty.

Dungeon Overview and Level Annotations

Branches:
Dungeon (4/15) Zot: 2092   Temple (0/1) D:4

Altars:
Kikubaaqudgha

Annotations:
D:4 Ijyb


Innate Abilities, Weirdness & Mutations

You passively map a small area around you.
You are easily found by Zot.
You glow in the dark.
You regain HP and MP as you explore.


Message History

You drop a potion of degeneration.
Ijyb the Twisted Goblin comes into view.
She is wielding a +0 club and carrying a wand of quicksilver (6).
Found 7 gold pieces.
Found a stone staircase leading down.
Ijyb moves out of view.
Ijyb barely misses you.
You closely miss Ijyb.
Ijyb zaps a wand.
The bolt of dispelling energy hits you!
Unknown command.
You feel very mighty all of a sudden.
Ijyb zaps a wand.
The bolt of dispelling energy hits you.
Your magical effects are unravelling.
Unknown command.
You barely miss Ijyb.
You feel a little less mighty now. Ijyb hits you but does no damage.
You hit Ijyb.
Ijyb is lightly wounded.
Ijyb hits you but does no damage.
Ijyb zaps a wand.
The bolt of dispelling energy hits you!
* * * LOW HITPOINT WARNING * * *
You hit Ijyb but do no damage.
Ijyb is lightly wounded.
You block Ijyb's attack.
Unknown command.
You hit Ijyb.
Ijyb is moderately wounded.
You block Ijyb's attack.
You hit Ijyb.
Ijyb is moderately wounded.
Ijyb hits you but does no damage. x2
You closely miss Ijyb.
Ijyb is moderately wounded.
Ijyb screams, "No!
No, no, no, no!"
You block Ijyb's attack.
You closely miss Ijyb.
Ijyb is moderately wounded.
Ijyb hits you but does no damage.
You feel better.
Ijyb zaps a wand.
The bolt of dispelling energy hits you!
Ouch! That really hurt!
You die...

******* *********,,,,,*
,,,,,,,,*,.,,,*
,,,,,,,,*,..,,*###***********
,,,,,,,,+,...,,.>.,,,,,,,,,,*
,,,,,,,,*,,,..##.##*#######,*
,,******,,,,,,....,,..#<..#,*
,,* ****,,****#g####.#.#.#,*
,,* **~~****~~*#@...#.#.#.#,*
,,* *~~~~~~~~~~#.##.#.###.#,*
,,* **~~****~~*#.#........#,*
,,* *~**~~**~*#$#..#.#####,*
*** *~~~~∩~*~*#.#..#...,,,,*
**** *~~~~~~*~*#.########****
,,,******~~**~*#..,,,,,,*
,,,+**~~****~~*#..,,,,,,*
,,,,,~~~~~~~~~~#.#*******


You could see Ijyb.

Vanquished Creatures
  A ball python (D:2)
  4 goblins
  2 hobgoblins
  A quokka (D:2)
  A kobold (D:3)
  A rat (D:2)
10 creatures vanquished.

Notes
Turn   | Place    | Note
-------+----------+-------------------------------------------
     0 | D:1      | tilp the Meteoran Fighter began the quest for the Orb.
     0 | D:1      | Reached XP level 1. HP: 19/19 MP: 2/2
   122 | D:2      | Reached XP level 2. HP: 26/26 MP: 3/3
   126 | D:2      | Found an ancient bone altar of Kikubaaqudgha.
   228 | D:3      | Reached skill level 1 in Dodging
   286 | D:4      | Noticed Ijyb
   298 | D:4      | Killed from afar by Ijyb

Illustrated notes

Levels and vault maps discovered:
D:1:      dpeg_arrival_signposts, layout_basic
D:2:      layout_rooms, basic_altar, uniq_crazy_yiuf_cottage, uniq_jessica
D:3:      layout_basic, shapermc_ecumenical_altar_totnotflames,
          kennysheep_minor_cross, grunt_decor_clamped
D:4:      kennysheep_goblin_castle, layout_basic,
          minmay_temple_entry_nine_rooms, gup_sewer_entry_bubbles, minivault_11,
          uniq_ijyb

Skill      XL: |  1  2 |
---------------+-------+-----
Dodging        | 1 |  1.0
Fighting       | |  3.3
Long Blades    | |  2.6
Armour         | |  3.7
Stealth        | |  0.3
Shields        | |  3.8

Action                   || total
-------------------------++-------
Melee: Long sword        ||    30
  Use: Scroll            ||     4
       Potion            ||     2
Armor: Scale mail        ||    21
Dodge: Dodged            ||     7
Block: Buckler           ||     4

Table legend: (Time is in decaauts)
 A = Elapsed time spent in this place.
 B = Non-inter-level travel time spent in this place.
 C = Inter-level travel time spent in this place.
 D = Time resting spent in this place.
 E = Time spent auto-exploring this place.
 F = Levels seen in this place.
 G = Mean time per level.
                   A        B        C        D        E       F      G
               +--------+--------+--------+--------+--------+-----+--------+
         Total |    306 |    295 |     11 |      0 |      0 |   4 |   76.5 |
       Dungeon |    306 |    295 |     11 |      0 |      0 |   4 |   76.5 |
               +--------+--------+--------+--------+--------+-----+--------+

Top non-repeatable levels by time:
     D:1: 93 daAuts
     D:3: 90 daAuts
     D:2: 90 daAuts
     D:4: 31 daAuts
